 Dungeon Crawl Stone Soup version 0.22-a0-136-g83a10e5 (webtiles) character file.

639613 Serpenta the Ruinous (level 27, -1/190 HPs)
             Began as a Mummy Fire Elementalist on Jan 30, 2018.
             Was the Champion of Vehumet.
             Slain by a death cob (5 damage)
             ... on level 3 of the Realm of Zot on Feb 4, 2018.
             The game lasted 05:05:27 (74300 turns).

Serpenta the Ruinous (Mummy Fire Elementalist)     Turns: 74300, Time: 05:05:28

Health: -1/190     AC: 12    Str: 16    XL:     27
Magic:  27/43      EV: 19    Int: 38    God:    Vehumet [******]
Gold:   5214       SH:  7    Dex: 14    Spells: 1/58 levels left

rFire    + + .     SeeInvis .   a - staff of conjuration {!a}
rCold    + . .     Gourm    .   n - +2 buckler
rNeg     + + +     Faith    .   O - +0 robe {rF+}
rPois    ∞         Spirit   .   U - -2 hat of the Alchemist {rElec rPois rF+ rC+ rN+ MR+ rMut rCorr}
rElec    +         Reflect  .   v - +2 cloak of Tuw Bugo {Int+3}
rCorr    +         Harm     .   Q - +2 pair of gloves
rMut     +                      X - +5 pair of boots "Fimeroqe" {rElec}
MR       ++++.                  S - amulet of magic regeneration
Stlth    ++........             P - ring of Reimbursement {Fire +Blink Int+4}
HPRegen  0.41/turn              Y - ring "Zelet" {Str+3 Int+7}
MPRegen  0.53/turn

@: slowed, studying Armour, very slow
A: no food or potions, fire vulnerability, cold resistance 1, negative energy
resistance 3, torment resistance, unbreathing, in touch with death 2
}: 3/15 runes: decaying, silver, gossamer
a: Renounce Religion, Evoke Blink


You were on level 3 of the Realm of Zot.
You worshipped Vehumet.
Vehumet was exalted by your worship.
You were not hungry.

You visited 11 branches of the dungeon, and saw 51 of its levels.
You visited the Abyss 1 time.
You visited 2 bazaars.
You also visited: Sewer, Bailey and Wizlab.

You collected 10059 gold pieces.
You spent 4845 gold pieces at shops.


Innate Abilities, Weirdness & Mutations

You do not eat or drink.
Your flesh is vulnerable to fire.
You are immune to poison.
Your flesh is cold resistant. (rC+)
You are immune to negative energy. (rN+++)
You are immune to unholy pain and torment.
You can survive without breathing.
You are strongly in touch with the powers of death.


   Skills:
 - Level 10.0 Fighting
 + Level 13.5 Staves
 - Level 11.2 Dodging
 - Level 1.5 Stealth
 - Level 5.3 Shields
 - Level 16.1 Spellcasting
 - Level 22.0 Conjurations
 - Level 4.0 Translocations
 - Level 22.0 Fire Magic
 + Level 11.3 Ice Magic
 - Level 8.4 Earth Magic
 - Level 10.5 Evocations


You had one spell level left.
You knew the following spells:

 Your Spells              Type           Power        Failure   Level  Hunger
a - Apportation           Tloc           ######       1%          1    N/A
b - Blink                 Tloc           N/A          1%          2    N/A
A - Fire Storm            Conj/Fire      #########.   2%          9    N/A
B - Sticky Flame          Conj/Fire      ########     0%          4    N/A
C - Glaciate              Conj/Ice       ########..   21%         9    N/A
D - Fireball              Conj/Fire      #########.   0%          5    N/A
E - Iron Shot             Conj/Erth      ########..   1%          6    N/A
F - Bolt of Fire          Conj/Fire      #########.   0%          6    N/A
G - Ignition              Fire           ########..   1%          8    N/A
H - Ring of Flames        Chrm/Fire      ########..   10%         7    N/A

Action                   |  1- 3 |  4- 6 |  7- 9 | 10-12 | 13-15 | 16-18 | 19-21 | 22-24 | 25-27 || total
-------------------------+-------+-------+-------+-------+-------+-------+-------+-------+-------++-------
Melee: Short sword       |     2 |       |       |       |       |       |       |       |       ||     2
       Whip              |    13 |     8 |       |       |       |       |       |       |       ||    21
       Mace              |       |       |    33 |    10 |    18 |       |       |       |       ||    61
       Long sword        |       |       |       |       |    69 |     5 |    23 |     6 |       ||   103
       Quarterstaff      |       |       |       |       |       |       |       |       |     8 ||     8
       Staff             |       |       |       |       |       |       |       |       |     5 ||     5
 Cast: Flame Tongue      |    92 |   106 |   157 |    93 |   180 |     3 |     2 |       |       ||   633
       Sticky Flame      |       |     1 |    51 |    68 |   133 |    59 |    49 |     6 |     1 ||   368
       Conjure Flame     |       |       |    13 |    14 |    32 |     6 |     1 |       |       ||    66
       Fireball          |       |       |       |   127 |   356 |   671 |   593 |   316 |   213 ||  2276
       Stone Arrow       |       |       |       |       |    49 |    33 |   120 |       |       ||   202
       Iskenderun's Batt |       |       |       |       |       |     3 |     1 |       |       ||     4
       Poison Arrow      |       |       |       |       |       |    39 |    21 |    45 |       ||   105
       Bolt of Cold      |       |       |       |       |       |    17 |     7 |       |       ||    24
       Freezing Cloud    |       |       |       |       |       |     2 |       |       |       ||     2
       Ignition          |       |       |       |       |       |       |    60 |    17 |    11 ||    88
       Iron Shot         |       |       |       |       |       |       |    67 |   129 |    82 ||   278
       Bolt of Magma     |       |       |       |       |       |       |     4 |     6 |       ||    10
       Fire Storm        |       |       |       |       |       |       |       |   121 |   153 ||   274
       Blink             |       |       |       |       |       |       |       |     1 |     5 ||     6
       Ring of Flames    |       |       |       |       |       |       |       |       |     3 ||     3
 Abil: Evoke Flight      |       |       |       |       |       |       |     2 |       |       ||     2
Evoke: Wand              |       |       |       |       |     7 |     1 |     1 |     2 |     1 ||    12
       Fan of gales      |       |       |       |       |       |     1 |       |     1 |     2 ||     4
       Staff of energy   |       |       |       |       |       |       |    23 |     1 |    64 ||    88
       Phial of floods   |       |       |       |       |       |       |     1 |     1 |       ||     2
  Use: Scroll            |       |    11 |     4 |     6 |     8 |     7 |    11 |    19 |    18 ||    84
 Stab: Paralysed         |       |       |       |       |     2 |       |       |       |       ||     2
       Petrifying        |       |       |       |       |     1 |       |       |       |       ||     1
Armor: Robe              |    19 |     9 |    39 |    41 |    24 |    25 |     4 |    10 |    11 ||   182
       Leather armour    |       |       |       |       |    68 |    11 |    52 |     6 |       ||   137
Dodge: Dodged            |    56 |    34 |    88 |    87 |   284 |   216 |   349 |    85 |    82 ||  1281
Block: Buckler           |       |       |       |       |    46 |    63 |    84 |    42 |    11 ||   246
       Rpst.: Long sword |       |       |       |       |    15 |       |     3 |     2 |       ||    20

Inventory:

Hand Weapons
 c - the +3 long sword of Wuz Wus {chaos, SInv}
   (You took it off a kobold in a bailey)

   Each time it hits an enemy it has a different, random effect.
   It lets you see invisible.
 B - the +6 Majin-Bo {vamp, Archmagi MP+6 Int+6}
   (You took it off a Hellbinder in a wizard's laboratory)

   It inflicts no extra harm, but heals its wielder when it wounds a living foe.
   It affects your intelligence (+6).
   It affects your magic capacity (+6).
Armour
 d - a +2 robe of cold resistance
 f - the +0 Maxwell's etheric cage {RegenMP+ *Contam rElec MP+4}
   (You bought it in a shop on level 15 of the Dungeon)

   It insulates you from electricity.
   It affects your magic capacity (+4).
   It causes magical contamination when unequipped.
 n - a +2 buckler (worn)
 v - the +2 cloak of Tuw Bugo (worn) {Int+3}
   (You acquired it on level 1 of the Realm of Zot)

   It affects your intelligence (+3).
 H - a +3 leather armour of magic resistance
 K - the +1 robe of Action {+Fly}
   (You bought it in a shop in a bazaar)

   It lets you fly.
 L - a +0 pair of gloves of strength
 O - a +0 robe of fire resistance (worn)
 Q - a +2 pair of gloves (worn)
 U - the -2 hat of the Alchemist (worn) {rElec rPois rF+ rC+ rN+ MR+ rMut rCorr}
   (You bought it in a shop on level 4 of the Vaults)

   It protects you from fire.
   It protects you from cold.
   It insulates you from electricity.
   It protects you from poison.
   It protects you from negative energy.
   It affects your resistance to hostile enchantments.
   It protects you from acid and corrosion.
   It protects you from mutation.
 X - the +5 pair of boots "Fimeroqe" (worn) {rElec}
   (You found it on level 5 of the Vaults)

   It insulates you from electricity.
Magical Staves
 a - an uncursed staff of conjuration (weapon) {!a}
 b - an uncursed staff of fire
 w - an uncursed staff of energy {!a}
Jewellery
 j - the ring "Ocunir" {MR+ Int+2}
   (You took it off a deep elf archer on level 3 of the Elven Halls)

   [ring of protection from magic]

   It affects your intelligence (+2).
   It affects your resistance to hostile enchantments.
 k - the ring of Geulossa {rCorr MR++ Str+2 Stlth+}
   (You took it off a frost giant on level 3 of the Depths)

   [ring of resist corrosion]

   It affects your strength (+2).
   It affects your resistance to hostile enchantments.
   It makes you more stealthy.
 q - an uncursed ring of wizardry
 r - the ring of Phasing {EV+8}
   (You found it on level 1 of the Swamp)

   [ring of evasion]

   It affects your evasion (+8).
 u - the amulet of Vitality {Regen+ HP+15}
   (You took it off a deep elf mage on level 3 of the Elven Halls)

   [amulet of regeneration]

   It affects your health (+15).
   It increases your rate of regeneration.
 x - an uncursed ring of resist corrosion
 E - the ring of Understanding {rElec rPois EV+5}
   (You took it off an ironheart preserver on level 5 of the Vaults)

   [ring of evasion]

   It affects your evasion (+5).
   It insulates you from electricity.
   It protects you from poison.
 G - an uncursed ring of protection from fire
 I - a cursed ring of loudness {unknown}
 P - the ring of Reimbursement (left hand) {Fire +Blink Int+4}
   (You found it in a wizard's laboratory)

   [ring of fire]

   It enhances your fire magic.
   It affects your intelligence (+4).
   It protects you from fire.
   It makes you vulnerable to cold.
   It lets you blink.
 R - a +3 ring of protection
 S - an amulet of magic regeneration (around neck)
 Y - the ring "Zelet" (right hand) {Str+3 Int+7}
   (You took it off a deep elf archer on level 3 of the Elven Halls)

   [ring of strength]

   It affects your strength (+3).
   It affects your intelligence (+7).
Wands
 e - a wand of clouds (4)
 y - a wand of acid (33)
 z - a wand of iceblast (63)
 A - a wand of digging (52)
 C - a wand of polymorph (11)
Scrolls
 g - 15 scrolls of teleportation
 h - 8 scrolls of fog
 i - a scroll of summoning
 l - 7 scrolls of amnesia
 m - 11 scrolls of magic mapping
 o - 9 scrolls of blinking
 s - 44 scrolls of identify
 t - 8 scrolls of enchant armour
 D - a scroll of enchant weapon
 F - 7 scrolls of fear
 N - 29 scrolls of remove curse
Books
 V - a manual of Armour
Miscellaneous
 p - a lightning rod (4/4)
 M - a fan of gales (inert)
 T - a crystal ball of energy
 W - a phial of floods
 Z - a lamp of fire

####.....## #.......##
##.......# ##.....#.##
###....#####
###......#.#.## #
##......###....##
#.#.##..###....#.#..>#
#.>.....z@####.#.##.####
#....#.###z.....#..#..#.#
#... #.. ##†....[.†#....#
.... ........†...#......#
... ......####<..#.##+###
.. §§.....# #......##.##
## ≈ §≈§§.....
###...##...###.
###§..#.... #..†'.....##.
##..##..?####


You could see 2 death cobs.

Vanquished Creatures
  An ancient lich (Crypt:3)
  Mennas (Crypt:1)
  3 juggernauts
  Saint Roka (Depths:2)
  2 Killer Klowns (Zot:2)
  Xtahua (Depths:3)
  11 golden dragons
  A caustic shrike (Depths:2)
  Nikola (Depths:3)
  2 curse toes (Zot:2)
  A bone dragon (Abyss:4)
  the Enchantress (Depths:2)
  A Hellbinder (WizLab)
  Arachne (Spider:3)
  The ghost of Amnesiac the Tortoise, an adept MiFi of Okawaru (Vaults:5)
  13 tentacled monstrosities
  The ghost of SnubMonkey the Markscentaur, an adept CeHu of Okawaru (Vaults:1)
  5 quicksilver dragons
  8 titans
  Rupert (Orc:2)
  2 deep elf blademasters (Elf:3)
  Asterion (Depths:2)
  4 death cobs
  2 sphinxes
  10 ancient champions
  6 tengu reavers
  Kirke (Spider:2)
  3 thorn hunters
  Roxanne (Elf:1)
  10 storm dragons
  An azure jelly (shapeshifter) (Depths:5)
  7 shadow dragons
  2 draconian monks (Zot:1)
  15 fire giants
  3 revenants
  11 deep elf sorcerers
  An iron dragon (Depths:4)
  3 ghost moths
  2 draconian knights
  19 frost giants
  An orc warlord (Elf:1)
  Aizul (Swamp:1)
  23 vault wardens
  A ghost moth (shapeshifter) (Depths:5)
  2 balrugs
  2 curse skulls (Crypt:2)
  2 draconian stormcallers
  2 draconian shifters
  2 reapers (Crypt:2)
  3 draconian annihilators (Zot:1)
  8 deep elf elementalists
  11 ghouls
  4 emperor scorpions
  18 ironheart preservers
  8 spriggan defenders
  2 war gargoyles (Vaults:5)
  33 stone giants
  3 entropy weavers (Spider:4)
  10 very ugly things
  4 caustic shrike skeletons (Crypt:3)
  6 deep elf demonologists
  12 deep elf annihilators
  2 grey draconians (Depths:5)
  4 green draconians
  A black sun (WizLab)
  8 vampire knights
  3 red draconians (Zot:1)
  2 yellow draconians (Zot:1)
  A spark wasp (shapeshifter) (Vaults:5)
  4 black draconians
  A lorocyproca (WizLab)
  8 spark wasps
  6 white draconians
  7 deep elf death magi
  3 purple draconians
  7 eidola
  A minotaur (shapeshifter) (Vaults:5)
  21 ettins
  13 fire dragons
  Josephine (D:12)
  19 yaktaur captains
  3 blizzard demons (WizLab)
  2 green deaths (WizLab)
  6 jiangshi
  Fannar (D:11)
  A hell beast (WizLab)
  5 deep elf high priests
  9 rakshasas
  11 great orbs of eyes
  24 ice dragons
  4 spriggan air magi
  18 hydras
  3 catoblepae (Lair:6)
  3 ghost crabs
  4 death knights
  7 centaur warriors
  35 vault guards
  35 two-headed ogres
  16 dancing weapons
  15 deep troll shamans
  13 deep troll earth magi
  12 death yaks
  14 ogre magi
  9 vampire magi
  6 alligators
  8 death scarabs (Spider:4)
  8 orc high priests
  A thrashing horror (Abyss:4)
  A spriggan berserker (Depths:4)
  7 tengu warriors
  20 deep elf knights
  15 hell knights
  5 titan skeletons
  3 soul eaters
  Nergalle (Orc:1)
  2 wretched stars (Abyss:4)
  2 iron giant zombies
  5 shadow wraiths
  An iron troll (shapeshifter) (Vaults:5)
  4 storm dragon zombies
  8 flayed ghosts
  A death drake (shapeshifter) (Depths:1)
  2 iron trolls (Depths:1)
  31 skeletal warriors
  2 sun demons (WizLab)
  A spatial maelstrom (Abyss:4)
  3 storm dragon skeletons
  A spriggan druid (Swamp:4)
  30 deep trolls
  11 unseen horrors
  4 shadow demons
  7 glowing orange brains
  4 wizards
  An anaconda zombie (Crypt:1)
  8 swamp dragons
  23 deep elf archers
  2 death drakes
  A gelid demonspawn (Depths:4)
  An orange crystal statue (D:15)
  2 starcursed masses (Abyss:4)
  An infernal demonspawn (Depths:4)
  7 spectral hydras
  2 anaconda skeletons
  22 orc knights
  3 wolf spider zombies
  15 necromancers
  2 spectral wolf spiders (Spider:4)
  7 ironbrand convokers
  17 orb spiders
  7 orc sorcerers
  A fire giant zombie (Vaults:5)
  14 phantasmal warriors
  43 ugly things
  2 cyclopes (shapeshifter) (Vaults:5)
  55 deep elf magi
  A tengu skeleton (Vaults:4)
  22 wolf spiders
  2 frost giant zombies
  2 wolf spiders (shapeshifter)
  6 manticores
  2 orb spiders (shapeshifter)
  2 shadow dragon skeletons (Crypt:3)
  4 oklob plants
  14 cyclopes
  10 moths of wrath
  A sphinx skeleton (Vaults:4)
  2 salamanders (shapeshifter)
  A worldbinder (Abyss:4)
  A shock serpent zombie (Crypt:3)
  11 vault sentinels
  A black mamba (shapeshifter) (Depths:4)
  A water nymph (shapeshifter) (Vaults:5)
  Joseph (Lair:1)
  4 black mambas
  4 elephants
  A rust devil (WizLab)
  2 stone giant skeletons
  2 torpor snails
  A fire giant skeleton (Depths:1)
  A guardian serpent (Abyss:4)
  A titan simulacrum (Crypt:1)
  15 spiny frogs
  3 orange demons
  An elf skeleton (Vaults:5)
  3 gargoyles
  3 smoke demons
  66 yaktaurs
  2 redback zombies (Spider:4)
  A dire elephant skeleton (Crypt:3)
  4 rime drakes
  11 komodo dragons
  2 shock serpent skeletons (Crypt:3)
  12 swamp worm zombies
  3 tengu conjurers
  4 hellions (WizLab)
  2 rime drakes (shapeshifter)
  4 spectral redbacks (Spider:4)
  3 tormentors (WizLab)
  An efreet (D:15)
  22 demonic crawlers
  8 freezing wraiths
  6 hydra zombies
  2 ancient zymes (Abyss:4)
  A catoblepas skeleton (Crypt:1)
  A yaktaur skeleton (Vaults:5)
  2 ice devils (WizLab)
  A troll (shapeshifter) (Vaults:3)
  2 human skeletons
  3 meliai (D:13)
  2 hellwings (WizLab)
  A purple draconian skeleton (Crypt:3)
  An iron troll skeleton (Crypt:1)
  9 trolls
  A death drake zombie (Crypt:2)
  24 hornets
  7 tyrant leeches
  The ghost of zero the Covert, a novice SpEn (D:4)
  A minotaur skeleton (Crypt:3)
  8 alligator zombies
  31 jumping spiders
  4 spectral jumping spiders (Spider:4)
  2 spectral tarantellas (Spider:4)
  6 blink frogs
  2 tarantella zombies (Spider:4)
  11 hippogriffs
  10 dream sheep (Lair:6)
  An iron dragon simulacrum (Crypt:1)
  3 jumping spider zombies (Spider:4)
  A raiju (shapeshifter) (Vaults:4)
  Prince Ribbit (D:9)
  A blink frog (shapeshifter) (Vaults:3)
  4 spectral swamp dragons
  A harpy skeleton (Crypt:3)
  25 slime creatures
  A guardian serpent zombie (Crypt:2)
  2 fire dragon skeletons (Crypt:3)
  24 bog bodies
  2 meliai zombies
  A centaur simulacrum (D:14)
  An ettin skeleton (Crypt:3)
  17 spriggans
  A black mamba zombie (Crypt:1)
  A shadow (Swamp:3)
  A redback (shapeshifter) (Vaults:2)
  26 tarantellas
  Sigmund (D:3)
  74 redbacks
  A dire elephant simulacrum (Crypt:3)
  3 flying skulls (Crypt:2)
  An air elemental (Elf:1)
  A spriggan (shapeshifter) (Vaults:3)
  2 water elementals
  59 yaks
  5 wyverns
  7 fire elementals
  11 wraiths
  A human (D:10)
  5 hungry ghosts
  21 vampire mosquitoes
  7 basilisks
  6 chaos spawn
  2 neqoxecs
  3 wargs
  A small abomination (Abyss:4)
  2 large abominations
  21 swamp worms
  A glowing shapeshifter zombie (Crypt:1)
  6 insubstantial wisps (Swamp:4)
  A hydra simulacrum (Swamp:3)
  An acid dragon (D:14)
  A water moccasin (shapeshifter) (Depths:2)
  20 water moccasins
  2 spiny frog zombies (Swamp:2)
  A floating eye (Depths:4)
  55 orc warriors
  2 porcupines
  5 ice beasts
  A spiny frog skeleton (Crypt:3)
  2 black bears
  4 swamp drakes
  2 ettin simulacra
  9 necrophages
  3 sky beasts
  10 boggarts
  5 eyes of draining
  A hornet zombie (Spider:4)
  6 phantoms
  2 swamp dragon zombies (Swamp:4)
  15 wolves
  25 ogres
  An elephant skeleton (Crypt:2)
  7 centaurs
  2 snapping turtle skeletons
  A lindwurm skeleton (Crypt:3)
  14 crocodiles
  A big kobold (D:11)
  A fire crab zombie (Crypt:1)
  23 bullfrogs
  8 earth elementals
  A hippogriff skeleton (Crypt:1)
  2 wyvern zombies
  A wyvern skeleton (D:14)
  2 spriggan zombies
  6 scorpions
  3 troll zombies (Swamp:2)
  4 killer bees
  A snapping turtle simulacrum (Crypt:1)
  An electric eel (Lair:1)
  A raiju skeleton (Crypt:3)
  2 vampire bats (D:5)
  32 wights
  A troll skeleton (Crypt:3)
  2 howler monkeys
  A bullfrog zombie (D:8)
  4 centaur zombies
  10 hounds
  3 quasits
  10 crimson imps
  20 orc wizards
  A black bear zombie (Crypt:3)
  38 orc priests
  5 centaur skeletons
  3 jellies
  2 bullfrog skeletons
  2 iron imps (Depths:4)
  7 iguanas
  A spectral swamp drake (Swamp:4)
  11 worker ants
  A dwarf zombie (Crypt:3)
  A felid zombie (Crypt:3)
  A demigod skeleton (Crypt:2)
  A naga skeleton (Crypt:2)
  2 hound skeletons
  A howler monkey zombie (D:5)
  2 swamp drake zombies (Swamp:4)
  A worker ant zombie (D:7)
  3 gnolls (Bailey)
  A howler monkey skeleton (D:6)
  12 adders
  A river rat (D:3)
  7 shadow imps
  A white imp (Depths:3)
  An ufetubus (Depths:4)
  2 adder skeletons
  A worm (D:5)
  3 dart slugs
  7 leopard geckos
  99 orcs
  A ball python (Sewer)
  13 bats
  3 bat skeletons (D:5)
  3 bat zombies
  6 giant cockroaches
  11 hobgoblins
  13 jackals
  4 quokkas
  7 frilled lizards
  A giant cockroach zombie (D:6)
  9 goblins
  25 kobolds
  An orc skeleton (Crypt:3)
  A quokka skeleton (D:5)
  A quokka zombie (D:7)
  4 rats
  2 bushes
  A butterfly (Lair:3)
  A fungus (Depths:1)
  5 plants
  2 withered plants (Swamp:2)
2545 creatures vanquished.

Vanquished Creatures (collateral kills)
  A bone dragon (Crypt:3)
  2 titans
  A sphinx (Vaults:5)
  A cacodemon (WizLab)
  2 frost giants (Depths:4)
  A draconian annihilator (Zot:1)
  A stone giant (Depths:2)
  A vampire knight (Depths:4)
  A black draconian (Zot:1)
  A green draconian (Zot:2)
  A hell beast (WizLab)
  A fire giant zombie (Crypt:3)
  A deep elf mage (Vaults:5)
  A cyclops (Depths:3)
  A rust devil (WizLab)
  An orange demon (WizLab)
  A human zombie (Vaults:5)
  A tormentor (WizLab)
  A red devil (WizLab)
  A floating eye (Depths:4)
  2 wights
  3 orcs
27 creatures vanquished.

Vanquished Creatures (others)
  A yaktaur (Depths:1)
  A hippogriff (D:10)
  2 redbacks (Spider:2)
  An air elemental (Elf:3)
  A water elemental (Depths:1)
  7 humans (Spider:2)
  A boggart (Depths:1)
  A demonic plant (Abyss:4)
  253 fire vortices
  8 fungi
  7 plants
  5 toadstools (Swamp:3)
  A withered plant (Crypt:3)
289 creatures vanquished.

Grand Total: 2861 creatures vanquished

Vault maps used:
D:1:      dpeg_arrival_shelter, minmay_misc_feat_diagonals
D:3:      first_ration, gup_sewer_entry_bowl, brannock_xom_greatest_gift,
          uniq_sigmund
D:5:      kennysheep_vampire_church
D:6:      serial_shops, kennysheep_mini_moat
D:7:      minmay_temple_entry_junction
D:9:      david_lair_generic, uniq_prince_ribbit1
D:10:     hiddenorc1_lemuel, enter_bailey_2, serial_shops, shop, grunt_pizzeria,
          lemuel_flame_loot_1
D:11:     serial_shops, bzr_entry_customers, uniq_fannar
D:12:     uniq_josephine
D:13:     st_stairs_7, kennysheep_another_room, kennysheep_decorative_pillar
D:14:     lightli_vaults_fourway_checkpoint, minmay_misc_feat_encased
D:15:     grunt_enter_depths_snipers, serial_shops, statue_bzr,
          nicolae_shop_behind_doors, nicolae_shop_overgrown_old_shop
Temple:   compressed_dpeg_triangle_lava_temple
Lair:1:   basic_altar, enter_volcano_4, beast_lair_carwin_4, uniq_joseph
Lair:2:   grunt_megastairs_5
Lair:3:   grunt_forest_large_clearing_hut, lemuel_fruit_fields,
          minmay_lair_oklob_chamber
Lair:4:   minmay_swamp_entry_worms, nicolae_spider_entry_orb_guardian,
          serial_bayou_shore_a
Lair:5:   dpeg_slime_entry_enclosed_altar, minmay_lair_oklob_items
Lair:6:   evilmike_catoblepas_cave
Swamp:1:  serial_swamp_ruin, evilmike_swamp_ruin_house_3,
          evilmike_swamp_ruin_house_2, uniq_aizul
Swamp:2:  cheibrodos_swamp_mausoleum, hangedman_swamp_pad
Swamp:3:  cheibrodos_swamp_tower_of_moss, evilmike_swamp_ruin_rubble_1,
          swamp_pool1, hangedman_swamp_double_dragon
Swamp:4:  swamp_pestilence
Spider:2: spider_trap, uniq_kirke
Spider:3: uniq_arachne
Spider:4: floodkiller_spider_rune_tomb, hangedman_stitches_earthworm
Orc:1:    basic_altar, mines1_david, uniq_nergalle
Orc:2:    st_orc_pillars, basic_altar, uniq_rupert
Elf:1:    minmay_elf_arrival_circle, special_room, orc_legates, uniq_roxanne
Elf:3:    minmay_elf_hall_dome, serial_shops, shop, basic_altar
Vaults:1: nicolae_vaults_little_squares_2, ontoclasm_vaults_bender, v_rooms_4,
          v_misc_30, vaults_room_fours, nicolae_vaults_what_the_h,
          vaults_room_hallway, v_pattern_5
Vaults:2: hangedman_vaults_nodes, grunt_vaults_diagonal, vaults_room_large_hall,
          v_misc_2, minmay_crypt_entry_necro_gods, v_pattern_4, v_misc_30,
          v_alt_pattern_4, hangedman_vaults_slice, v_alt_pattern_1,
          ontoclasm_vaults_spin, ontoclasm_vaults_gateway,
          nicolae_vaults_asterisk, ontoclasm_vaults_loading_screen,
          serial_shops, shop_statue
Vaults:3: nicolae_vaults_asterisk, grunt_vaults_twisty, v_misc_16,
          ontoclasm_vaults_loading_screen, v_rooms_4, vaults_dpeg_diagonal,
          nicolae_vaults_specimen_jars, ontoclasm_vaults_decontamination,
          nicolae_vaults_three_branches, vaults_dpeg_ring, v_pattern_3,
          st_lattice, hangedman_vaults_hat
Vaults:4: v_misc_16, nicolae_vaults_circle_grid_b,
          nicolae_vaults_stairing_the_circle,
          vaults_room_grunt_arrival_checkpoint, grunt_vaults_trifunnel,
          v_misc_31, ontoclasm_vaults_hangar, grunt_vaults_hallway_long,
          hangedman_vaults_corner_blocks,
          vaults_standard_mumra_enter_the_diamond, v_misc_19,
          hangedman_vaults_trim, serial_shops, nicolae_shop_crystal
Crypt:1:  basic_altar, infiniplex_enter_wizlab_water, uniq_mennas
Crypt:2:  minivault_14, grunt_megastairs_2
Crypt:3:  due_elkab, tomb_entry_forgotten_bobbens, serial_glass,
          glass_columns_c, glass_columns_a, minmay_strange_pillars,
          unseen_surprise_small
Depths:1: hangedman_cross_cluster, enter_ziggurat_f, serial_glass,
          glass_columns_b, glass_columns_b, hell_entry,
          minmay_gold_behind_fungi, lemuel_freeze_loot_1
Depths:2: hangedman_slaughterboxes, hell_entry, uniq_enchantress,
          uniq_saint_roka, uniq_asterion
Depths:3: lemuel_castle_with_subvaults, rand_demon_pan_entry_7, abyss_entry,
          grunt_decor_fettered, hangedman_coc_ice_floe, due_unseen_surprise,
          infiniplex_staircase_pool_2, uniq_xtahua, uniq_nikola
Depths:4: grunt_bent_corner, grunt_pan_entry_spiral, hell_entry,
          abyss_entry_flame_altar, old_standard_altar, patterned_corridor,
          minmay_staircase_statues
Depths:5: evilmike_zot_entry_gauntlet, hell_entry, minmay_misc_feat_plants,
          hex_medium
Zot:1:    st_stairs_1
Zot:2:    kennysheep_spiral_hall, st_single_dragon_hoard_4
Zot:3:    minmay_elemental_castle
Abyss:4:  evilmike_abyss_rune_elephants_shrine, evilmike_abyss_exit_chaos
Bazaar:   bazaar_general_marketplace, grunt_bazaar_doublecross
Sewer:    sewer_fruit_machine
Bailey:   bailey_axe_4, bailey
WizLab:   wizlab_demon


Message History

You feel a surge of power!
The iron shot hits the death cob.
The death cob is heavily damaged.
The death cob hits you!
* * * LOW HITPOINT WARNING * * *
The death cob drains your vigour!
You feel as though you will be slow longer.
The death cob completely misses you. The death cob closely misses you. x2
Casting: Iron Shot (safe; 1% risk of failure)
Confirm with . or Enter, or press ? or * to list all spells.
Aiming: Iron Shot (safe; 1% risk of failure)
Press: ? - help, Shift-Dir - straight line, f/p - death cob
Aim: a death cob (heavily damaged)
You feel a surge of power!
The iron shot hits the death cob.
The death cob is almost destroyed.
The death cob hits you!!
* * * LOW HITPOINT WARNING * * *
The death cob drains your vigour!
You feel as though you will be slow longer.
The death cob hits you.
You die...

Notes
Turn   | Place    | Note
-------+----------+-------------------------------------------
     0 | D:1      | Serpenta the Mummy Fire Elementalist began the quest for the Orb.
     0 | D:1      | Reached XP level 1. HP: 13/13 MP: 4/4
    11 | D:1      | Reached skill level 1 in Conjurations
   200 | D:1      | Reached XP level 2. HP: 19/19 MP: 3/5
  1152 | D:2      | Reached XP level 3. HP: 24/24 MP: 2/7
  2060 | D:2      | Reached XP level 4. HP: 30/30 MP: 1/8
  2066 | D:2      | Learned a level 4 spell: Sticky Flame
  2193 | D:3      | Found a glowing drain.
  2197 | Sewer    | Entered a sewer
  2984 | D:3      | Reached XP level 5. HP: 30/35 MP: 3/9
  3287 | D:3      | Found a shimmering altar of Xom.
  3298 | D:3      | Noticed Sigmund
  3601 | D:4      | Noticed zero's ghost (novice SpEn)
  3622 | D:4      | Killed zero's ghost
  3622 | D:4      | Reached XP level 6. HP: 35/41 MP: 1/10
  4384 | D:4      | Reached XP level 7. HP: 39/46 MP: 7/11
  4705 | D:4      | Reached skill level 5 in Fire Magic
  4835 | D:4      | Learned a level 3 spell: Conjure Flame
  4863 | D:5      | Entered Level 5 of the Dungeon
  5035 | D:5      | Reached skill level 5 in Conjurations
  5220 | D:5      | Found an ancient bone altar of Kikubaaqudgha.
  5713 | D:6      | Reached XP level 8. HP: 52/52 MP: 12/12
  6587 | D:6      | Found Weqegitz's Jewellery Emporium.
  6590 | D:6      | Bought a +3 ring of intelligence for 219 gold pieces
  6907 | D:7      | Found a staircase to the Ecumenical Temple.
  6914 | Temple   | Entered the Ecumenical Temple
  6934 | Temple   | Became a worshipper of Vehumet
  6961 | D:7      | Reached XP level 9. HP: 47/57 MP: 13/13
  6985 | D:7      | Learned a level 5 spell: Fireball
  7850 | D:8      | Reached skill level 1 in Fighting
  9314 | D:9      | Found a staircase to the Lair.
  9362 | D:9      | Reached XP level 10. HP: 65/71 MP: 16/16
  9382 | D:9      | Noticed an elephant
  9402 | D:9      | Killed an elephant
  9542 | D:9      | Reached * piety under Vehumet
  9542 | D:9      | Offered knowledge of Sandblast by Vehumet.
  9544 | D:9      | Noticed Prince Ribbit
  9547 | D:9      | Killed Prince Ribbit
  9658 | D:9      | Noticed a green ugly thing
  9663 | D:9      | Killed a green ugly thing
  9663 | D:9      | Reached skill level 5 in Fighting
 10054 | D:3      | Killed Sigmund
 10260 | Lair:1   | Entered Level 1 of the Lair of Beasts
 10260 | Lair:1   | Noticed a spiny frog
 10267 | Lair:1   | Killed a spiny frog
 10389 | Lair:1   | Found a snail-covered altar of Cheibriados.
 10399 | Lair:1   | Noticed Joseph
 10404 | Lair:1   | Noticed a spiny frog
 10426 | Lair:1   | Killed a spiny frog
 10581 | Lair:1   | Killed Joseph
 10810 | Lair:1   | Noticed a spiny frog
 10811 | Lair:1   | Noticed a black mamba
 10816 | Lair:2   | Killed a spiny frog
 10821 | Lair:2   | Noticed a spiny frog
 10824 | Lair:2   | Reached XP level 11. HP: 83/83 MP: 17/17
 10999 | Lair:2   | Reached ** piety under Vehumet
 11003 | Lair:2   | Offered knowledge of Magic Dart by Vehumet.
 11819 | Lair:3   | Reached skill level 10 in Fire Magic
 12007 | Lair:3   | HP: 3/85 [komodo dragon (21)]
 12090 | Lair:3   | Reached skill level 10 in Conjurations
 12143 | Lair:3   | Noticed a seven-headed hydra
 12150 | Lair:3   | Killed a seven-headed hydra
 12434 | Lair:3   | Noticed an oklob plant
 12449 | Lair:3   | Killed an oklob plant
 12536 | Lair:3   | Killed an oklob plant
 12538 | Lair:3   | Noticed an oklob plant
 12637 | Lair:3   | Killed an oklob plant
 13053 | Lair:3   | Identified a scroll of acquirement
 13053 | Lair:3   | Identified Seceg's Volume of Attacks and Hexes (You acquired it on level 3 of the Lair of Beasts)
 13080 | Lair:3   | Reached XP level 12. HP: 90/94 MP: 15/18
 13330 | Lair:4   | Noticed a four-headed hydra
 13354 | Lair:4   | Killed a four-headed hydra
 13354 | Lair:4   | Offered knowledge of Mephitic Cloud by Vehumet.
 13496 | Lair:4   | Noticed an eight-headed hydra
 13608 | Lair:4   | Reached *** piety under Vehumet
 13609 | Lair:4   | Killed an eight-headed hydra
 13880 | Lair:4   | Found a hole to the Spider Nest.
 14111 | Lair:4   | Offered knowledge of Force Lance by Vehumet.
 14354 | Lair:4   | Reached skill level 10 in Fighting
 14478 | Lair:4   | Found a staircase to the Swamp.
 15382 | Lair:5   | Reached **** piety under Vehumet
 15515 | Lair:5   | Found a viscous altar of Jiyva.
 15515 | Lair:5   | Found a staircase to the Slime Pits.
 16372 | Lair:6   | Entered Level 6 of the Lair of Beasts
 16427 | Lair:6   | Noticed a death yak
 16445 | Lair:6   | Killed a death yak
 16445 | Lair:6   | Gained mutation: You are in touch with the powers of death. [Mummy growth]
 16445 | Lair:6   | Reached XP level 13. HP: 67/103 MP: 10/19
 16567 | Lair:6   | Offered knowledge of Static Discharge by Vehumet.
 17605 | Lair:6   | Reached skill level 5 in Dodging
 18413 | Lair:6   | Reached ***** piety under Vehumet
 18413 | Lair:6   | Offered knowledge of Lee's Rapid Deconstruction by Vehumet.
 18947 | Lair:6   | Got a sparkling glass ring
 18949 | Lair:6   | Identified Domarin's Guide on Envenoming and the Rocks (You found it on level 6 of the Lair of Beasts)
 18949 | Lair:6   | Identified Domarin's Guide on Envenoming and the Rocks (You found it on level 6 of the Lair of Beasts)
 18954 | Lair:6   | Learned a level 3 spell: Stone Arrow
 18956 | Lair:6   | Identified the ring of Waesaq {Str+2 Slay+3 Stlth+} (You found it on level 6 of the Lair of Beasts)
 18980 | Lair:6   | Upgraded the game from 0.22-a0-126-g307c7c3 to 0.22-a0-135-g6f012ad
 19971 | D:10     | Entered Level 10 of the Dungeon
 20050 | D:10     | Found Wovvypa's General Store.
 20122 | D:10     | Reached XP level 14. HP: 110/110 MP: 20/20
 20130 | D:10     | Found a flagged portal.
 20138 | Bailey   | Entered a bailey
 20419 | Bailey   | Got a pitted long sword {chaos}
 20420 | Bailey   | Identified the +3 long sword of Wuz Wus {chaos, SInv} (You took it off a kobold in a bailey)
 20673 | D:10     | Found a staircase to the Orcish Mines.
 21177 | D:10     | Reached skill level 1 in Shields
 21500 | D:11     | Found a flickering gateway to a bazaar.
 21519 | Bazaar   | Entered a bazaar
 21519 | Bazaar   | Found Rajar's Antique Armour Shoppe.
 21519 | Bazaar   | Found Kopralue's Weapon Shoppe.
 21519 | Bazaar   | Found Yfezemet's Assorted Antiques.
 21521 | Bazaar   | Found Lokhaf's Gadget Emporium.
 21535 | Bazaar   | Bought a pair of brightly glowing boots for 247 gold pieces
 21535 | Bazaar   | Bought a slimy robe for 148 gold pieces
 21535 | Bazaar   | Bought a pair of glowing gloves for 195 gold pieces
 21541 | Bazaar   | Bought a wand of digging (13) for 374 gold pieces
 21544 | Bazaar   | Bought a scroll of identify for 42 gold pieces
 21544 | Bazaar   | Bought a scroll of amnesia for 73 gold pieces
 21544 | Bazaar   | Bought a ring of evasion for 42 gold pieces
 21575 | Bazaar   | Identified the +2 pair of boots of Jeuc {+Fly rPois rC- rN+} (You bought it in a shop in a bazaar)
 21585 | Bazaar   | Identified the +1 robe of Action {+Fly} (You bought it in a shop in a bazaar)
 21679 | D:11     | Offered knowledge of Iskenderun's Battlesphere by Vehumet.
 21686 | D:11     | Learned a level 5 spell: Iskenderun's Battlesphere
 22434 | D:11     | Noticed Fannar
 22571 | D:11     | Killed Fannar
 23015 | D:12     | Noticed Josephine
 23016 | D:12     | Killed Josephine
 23016 | D:12     | Reached skill level 5 in Shields
 23673 | D:13     | Reached skill level 1 in Evocations
 24040 | D:13     | Reached skill level 5 in Spellcasting
 25441 | D:14     | Offered knowledge of Freezing Cloud by Vehumet.
 26449 | D:14     | Reached skill level 10 in Spellcasting
 26453 | D:14     | Reached XP level 15. HP: 103/115 MP: 12/29
 26822 | D:14     | Found a gate to the Vaults.
 27116 | D:15     | Entered Level 15 of the Dungeon
 27558 | D:15     | Found Ufeg's Assorted Antiques.
 27567 | D:15     | Bought a scroll labeled AWI FIEZOSH for 23 gold pieces
 27671 | D:15     | Found Rezop's General Store.
 28019 | D:15     | Found a gateway to a bazaar.
 28156 | Bazaar   | Entered a bazaar
 28169 | Bazaar   | Found Daxzea's Gadget Emporium.
 28169 | Bazaar   | Found Ygenuotu's Jewellery Emporium.
 28205 | Bazaar   | Found Ywuos's Weapon Shoppe.
 28205 | Bazaar   | Found Tadway's Book Shoppe.
 28281 | D:15     | Found a staircase to the Depths.
 28669 | Orc:1    | Entered Level 1 of the Orcish Mines
 28697 | Orc:2    | Entered Level 2 of the Orcish Mines
 28757 | Orc:1    | Noticed Nergalle
 28761 | Orc:1    | Killed Nergalle
 28862 | Orc:1    | Found a roughly hewn altar of Beogh.
 29009 | Orc:1    | Found a roughly hewn altar of Beogh.
 29347 | Orc:1    | Learned a level 6 spell: Freezing Cloud
 29442 | Orc:2    | Found a staircase to the Elven Halls.
 29630 | Orc:2    | Found a burning altar of Makhleb.
 29961 | Orc:2    | Offered knowledge of Bolt of Fire by Vehumet.
 30596 | Orc:2    | Noticed Rupert
 30605 | Orc:2    | Killed Rupert
 31031 | Orc:2    | Found Wonubic's Magic Scroll Shoppe.
 31034 | Orc:2    | Found Pop Baip's Armour Emporium.
 31035 | Orc:2    | Found Jiklemig's Antique Weapon Shoppe.
 31036 | Orc:2    | Found Wouddeq's Antique Armour Shoppe.
 31040 | Orc:2    | Bought a +0 robe of fire resistance for 115 gold pieces
 31052 | Orc:2    | Bought a pair of glowing gloves for 232 gold pieces
 31052 | Orc:2    | Bought a glowing robe for 114 gold pieces
 31269 | D:15     | Bought the +0 Maxwell's etheric cage {RegenMP+ *Contam rElec MP+4} for 800 gold pieces
 31269 | D:15     | Found the +0 Maxwell's etheric cage {RegenMP+ *Contam rElec MP+4}
 31501 | Swamp:1  | Entered Level 1 of the Swamp
 31771 | Swamp:1  | Noticed Aizul
 31789 | Swamp:1  | Killed Aizul
 31789 | Swamp:1  | Reached skill level 5 in Evocations
 31813 | Swamp:1  | Got a steaming falchion
 31816 | Swamp:1  | Identified the +2 falchion of Wibly {flame, rF- Str+8 Int+3 Stlth+} (You found it on level 1 of the Swamp)
 31860 | Swamp:1  | Found the ring of Phasing {EV+8}
 32008 | Swamp:1  | Noticed a thorn hunter
 32011 | Swamp:1  | Killed a thorn hunter
 32011 | Swamp:1  | Reached XP level 16. HP: 122/122 MP: 34/34
 32481 | Swamp:2  | Offered knowledge of Poison Arrow by Vehumet.
 32489 | Swamp:2  | Learned a level 6 spell: Poison Arrow
 33800 | Swamp:3  | Noticed a thorn hunter
 33802 | Swamp:3  | Killed a thorn hunter
 34185 | Swamp:3  | Reached skill level 10 in Dodging
 34398 | Swamp:3  | Reached ****** piety under Vehumet
 34534 | Swamp:4  | Entered Level 4 of the Swamp
 34610 | Swamp:4  | Noticed a thorn hunter
 34613 | Swamp:4  | Killed a thorn hunter
 35039 | Swamp:4  | Offered knowledge of Ozocubu's Refrigeration by Vehumet.
 35711 | Swamp:4  | Noticed a bone dragon
 35812 | Swamp:4  | Reached XP level 17. HP: 128/128 MP: 28/35
 35961 | Swamp:4  | Got a decaying rune of Zot
 36150 | Spider:1 | Entered Level 1 of the Spider Nest
 36802 | Vaults:1 | Entered Level 1 of the Vaults
 37012 | Vaults:1 | Noticed SnubMonkey's ghost (adept CeHu)
 37229 | Vaults:1 | Offered knowledge of Bolt of Cold by Vehumet.
 37237 | Vaults:1 | Learned a level 6 spell: Bolt of Cold
 37646 | Vaults:1 | Reached skill level 10 in Evocations
 38272 | Vaults:1 | Reached skill level 15 in Spellcasting
 38840 | Vaults:2 | Found Ysiol's Jewellery Emporium.
 38856 | Vaults:2 | Bought the ring of the Saviour {Fire Dex+3} for 574 gold pieces
 38877 | Vaults:2 | Offered knowledge of Fire Storm by Vehumet.
 38877 | Vaults:2 | Offered knowledge of Glaciate by Vehumet.
 38877 | Vaults:2 | Offered knowledge of Ignition by Vehumet.
 38929 | Vaults:2 | Learned a level 8 spell: Ignition
 39137 | Vaults:2 | Reached XP level 18. HP: 134/134 MP: 28/37
 39644 | Vaults:2 | Found a staircase to the Crypt.
 39644 | Vaults:2 | Found an ancient bone altar of Kikubaaqudgha.
 39645 | Vaults:2 | Found a basalt altar of Yredelemnul.
 41284 | Vaults:3 | Reached skill level 15 in Conjurations
 41832 | Vaults:4 | Reached XP level 19. HP: 140/140 MP: 30/39
 42136 | Vaults:4 | Found Sayrhaun's Armour Shoppe.
 42144 | Vaults:4 | Bought the -2 hat of the Alchemist {rElec rPois rF+ rC+ rN+ MR+ rMut rCorr} for 1038 gold pieces
 42144 | Vaults:4 | Found the -2 hat of the Alchemist {rElec rPois rF+ rC+ rN+ MR+ rMut rCorr}
 43922 | Spider:1 | Reached skill level 15 in Fire Magic
 45425 | Spider:2 | Noticed Kirke
 45427 | Spider:2 | Killed Kirke
 46720 | Spider:3 | Noticed Arachne
 46729 | Spider:3 | Killed Arachne
 47515 | Spider:4 | Entered Level 4 of the Spider Nest
 47774 | Spider:4 | Reached XP level 20. HP: 147/147 MP: 28/40
 48939 | Spider:4 | Got a gossamer rune of Zot
 49279 | Elf:1    | Entered Level 1 of the Elven Halls
 49425 | Elf:1    | Learned a level 2 spell: Blink
 49967 | Elf:1    | Noticed Roxanne
 50857 | Elf:2    | Found a runed gate.
 50857 | Elf:2    | Found a runed gate.
 50857 | Elf:2    | Found a runed gate.
 50930 | Elf:3    | Entered Level 3 of the Elven Halls
 50930 | Elf:3    | Found a deep blue altar of Sif Muna.
 51166 | Elf:3    | Found Daibakle's Gadget Shoppe.
 51573 | Elf:3    | Reached XP level 21. HP: 153/153 MP: 38/41
 51960 | Elf:3    | Learned a level 9 spell: Fire Storm
 51960 | Elf:3    | Got a dazzling mace {speed}
 51961 | Elf:3    | Identified the +2 mace "Eco Muclia" {speed, Fragile rF+++ rC++ Stlth-} (You took it off a deep elf death mage on level 3 of the Elven Halls)
 51973 | Elf:3    | Got a vibrating iron ring
 51982 | Elf:3    | Identified the ring "Ocunir" {MR+ Int+2} (You took it off a deep elf archer on level 3 of the Elven Halls)
 52001 | Elf:3    | Learned a level 6 spell: Iron Shot
 52009 | Elf:3    | Learned a level 5 spell: Bolt of Magma
 52060 | Elf:3    | Got a scorched golden amulet
 52062 | Elf:3    | Identified the amulet "Enaehy Irado" {Faith *Corrode rN+ MR+} (You took it off a deep elf death mage on level 3 of the Elven Halls)
 52165 | Elf:3    | Got a serpentine ruby amulet
 52170 | Elf:3    | Got a coiled bone ring
 52172 | Elf:3    | Identified the ring "Zelet" {Str+3 Int+7} (You took it off a deep elf archer on level 3 of the Elven Halls)
 52188 | Elf:3    | Identified the Guide on Weightlessness
 52214 | Elf:3    | Identified the amulet "Doimogg" {Spirit rN+ Str+4} (You took it off a deep elf mage on level 3 of the Elven Halls)
 52389 | Elf:1    | Killed Roxanne
 52390 | Elf:1    | Identified Roxanne's Papyrus of Transmutation (You took it off Roxanne on level 1 of the Elven Halls)
 52622 | Depths:1 | Entered Level 1 of the Depths
 53569 | Depths:1 | Found a gateway to a ziggurat.
 53801 | Depths:1 | Found a gateway to Hell.
 54048 | Depths:1 | Got a bloodstained mace
 54049 | Depths:1 | Identified the +1 mace "Romnut" {distort, SInv} (You found it on level 1 of the Depths)
 54050 | Depths:1 | Cast into level 4 of the Abyss (a distortion unwield)
 54428 | Depths:1 | Escaped the Abyss
 54570 | Depths:2 | Upgraded the game from 0.22-a0-135-g6f012ad to 0.22-a0-136-g83a10e5
 54736 | Depths:2 | Reached XP level 22. HP: 159/159 MP: 36/42
 54872 | Depths:2 | Found a sparkling altar of Nemelex Xobeh.
 54874 | Depths:2 | Found a shimmering altar of Xom.
 55246 | Depths:2 | Found a sacrificial altar of Ru.
 55430 | Depths:2 | Noticed Asterion
 55435 | Depths:2 | Killed Asterion
 55962 | Depths:2 | Noticed a caustic shrike
 55964 | Depths:2 | Noticed Saint Roka
 56523 | Depths:2 | Killed a caustic shrike
 56554 | Depths:2 | Killed Saint Roka
 56902 | Depths:2 | Noticed the Enchantress
 56992 | Depths:2 | Killed the Enchantress
 56994 | Depths:2 | Got faerie dragon scales
 57003 | Depths:2 | Identified the +1 faerie dragon scales {MR- rCorr Str+4 Dex+4} (You took it off the Enchantress on level 2 of the Depths)
 57254 | Depths:2 | Learned a level 1 spell: Apportation
 57263 | Depths:2 | Learned a level 7 spell: Ring of Flames
 57328 | Depths:2 | Noticed a juggernaut
 57331 | Depths:2 | Killed a juggernaut
 57466 | Depths:2 | Identified the Reference Book on Aerial Arcane Weapons
 57525 | Depths:3 | Found a one-way gate leading to the halls of Pandemonium.
 57563 | Depths:3 | Noticed Xtahua
 57568 | Depths:3 | Killed Xtahua
 57685 | Depths:3 | Reached XP level 23. HP: 165/165 MP: 39/43
 57732 | Depths:3 | Noticed Nikola
 57734 | Depths:3 | Killed Nikola
 57793 | Depths:3 | Got a translucent zirconium amulet
 57794 | Depths:3 | Identified the amulet "Corugu Uqya" {Faith Dex+10} (You found it on level 3 of the Depths)
 58426 | Depths:3 | Got a smoking rapier {pierce}
 58427 | Depths:3 | Identified the +5 rapier of Bloody Death {pierce, rPois Str+4 Stlth+} (You took it off an ogre mage on level 3 of the Depths)
 58684 | Depths:3 | Got a scintillating bone ring
 58718 | Depths:3 | Found a one-way gate to the infinite horrors of the Abyss.
 59229 | Depths:4 | Identified the ring of Geulossa {rCorr MR++ Str+2 Stlth+} (You took it off a frost giant on level 3 of the Depths)
 59694 | Depths:4 | Found a corrupted altar of Lugonu.
 59756 | Depths:4 | Found a deep blue altar of Sif Muna.
 60126 | Depths:4 | Noticed a juggernaut
 60127 | Depths:4 | Killed a juggernaut
 60351 | Depths:4 | Noticed a juggernaut
 60354 | Depths:4 | Killed a juggernaut
 60354 | Depths:4 | Reached XP level 24. HP: 172/172 MP: 19/43
 60789 | Depths:4 | Identified Wurirud's Thorough Guide to Witchery
 60808 | Depths:4 | Identified Bigek's Catalogue of the Captivating Glacier
 60824 | Depths:4 | Reached skill level 1 in Translocations
 61102 | Depths:5 | Entered Level 5 of the Depths
 62056 | Depths:5 | Reached skill level 1 in Earth Magic
 62196 | Depths:5 | Found a gate to the Realm of Zot.
 62622 | Vaults:1 | Killed SnubMonkey's ghost
 62832 | Crypt:1  | Entered Level 1 of the Crypt
 62899 | Crypt:1  | Found a magical portal.
 62939 | WizLab   | Entered The Hall of the Hellbinder
 63486 | WizLab   | Found a burning altar of Makhleb.
 63502 | WizLab   | Identified the Reference Book on Companions
 63505 | WizLab   | Got a bound bone ring
 63506 | WizLab   | Identified the ring of Grontol {rElec rN+ Str+3} (You found it in a wizard's laboratory)
 63516 | WizLab   | Got a slimy cloak
 63517 | WizLab   | Identified the +1 cloak of Impressiveness {*Contam rPois Dex+5 Stlth+} (You found it in a wizard's laboratory)
 63540 | WizLab   | Got an ancient golden ring
 63541 | WizLab   | Identified the ring of Reimbursement {Fire +Blink Int+4} (You found it in a wizard's laboratory)
 63610 | Crypt:1  | Reached skill level 5 in Earth Magic
 63673 | Crypt:1  | Noticed Mennas
 63674 | Crypt:1  | Killed Mennas
 63674 | Crypt:1  | Reached XP level 25. HP: 168/177 MP: 23/43
 63919 | Crypt:1  | Found a basalt altar of Yredelemnul.
 64711 | Crypt:2  | Reached skill level 1 in Staves
 65676 | Crypt:3  | Entered Level 3 of the Crypt
 66413 | Crypt:3  | Found a staircase to the Tomb.
 66988 | Crypt:3  | Reached skill level 5 in Staves
 67332 | Crypt:3  | Noticed an ancient lich
 67714 | Crypt:3  | Killed an ancient lich
 67835 | Crypt:3  | Got a slimy bronze amulet
 67836 | Crypt:3  | Identified the amulet "Foess" {Faith rElec rC- Dex+7} (You found it on level 3 of the Crypt)
 67874 | Crypt:3  | Identified the Almanac of Dark Arts
 68292 | Crypt:3  | Learned a level 9 spell: Glaciate
 68706 | Vaults:5 | Entered Level 5 of the Vaults
 68732 | Vaults:5 | Gained mutation: You are strongly in touch with the powers of death. [Mummy growth]
 68732 | Vaults:5 | Reached XP level 26. HP: 175/184 MP: 19/43
 68746 | Vaults:5 | Noticed Amnesiac's ghost (adept MiFi)
 68769 | Vaults:5 | Reached skill level 1 in Ice Magic
 69091 | Vaults:5 | Got a glittering graven amulet
 69097 | Vaults:5 | Identified the amulet "Teoluf" {Faith +Fly rElec rPois} (You took it off an ironheart preserver on level 5 of the Vaults)
 69281 | Vaults:5 | Killed Amnesiac's ghost
 69281 | Vaults:5 | Reached skill level 5 in Ice Magic
 69506 | Vaults:5 | Reached skill level 10 in Staves
 69809 | Vaults:5 | Got a heavily runed iron amulet
 69810 | Vaults:5 | Identified the amulet of Bachiat {Harm *Drain rC+} (You took it off a deep elf mage on level 5 of the Vaults)
 69821 | Vaults:5 | Got an ichor-stained leather armour
 69822 | Vaults:5 | Identified the +1 leather armour "Ruwir" {*Drain rF+ rCorr Str+4} (You took it off an ironheart preserver on level 5 of the Vaults)
 69837 | Vaults:5 | Found Hoop Voa's Food Shop.
 70004 | Vaults:5 | Found Hacwi Ojozu's Magic Scroll Emporium.
 70008 | Vaults:5 | Bought a scroll of teleportation for 63 gold pieces
 70008 | Vaults:5 | Bought a scroll of teleportation for 63 gold pieces
 70008 | Vaults:5 | Bought a scroll of teleportation for 63 gold pieces
 70008 | Vaults:5 | Bought a scroll of teleportation for 63 gold pieces
 70008 | Vaults:5 | Bought 2 scrolls of blinking for 315 gold pieces
 70008 | Vaults:5 | Bought a scroll of fog for 42 gold pieces
 70455 | Vaults:5 | Got a steaming falchion {elec}
 70456 | Vaults:5 | Identified the +9 falchion of Benevolence {elec, Int-3 Dex+4} (You took it off a deep elf mage on level 5 of the Vaults)
 70466 | Vaults:5 | Got a heavily runed lapis lazuli ring
 70489 | Vaults:5 | Identified the ring of Understanding {rElec rPois EV+5} (You took it off an ironheart preserver on level 5 of the Vaults)
 70590 | Vaults:5 | Got a steaming rapier {pierce}
 70591 | Vaults:5 | Identified the +1 rapier "Zul Mute" {pierce, rElec Dex+4} (You took it off an ogre mage on level 5 of the Vaults)
 70862 | Vaults:5 | Learned a level 6 spell: Bolt of Fire
 71034 | Vaults:5 | Got a silver rune of Zot
 71062 | Vaults:5 | Got a pair of warped boots
 71073 | Vaults:5 | Identified the +5 pair of boots "Fimeroqe" {rElec} (You found it on level 5 of the Vaults)
 71073 | Vaults:5 | not bad at all
 71234 | Vaults:5 | Found Ceinwes's Distillery.
 71900 | Zot:1    | Entered Level 1 of the Realm of Zot
 72024 | Zot:1    | Got an ancient cloak
 72025 | Zot:1    | Identified the +2 cloak of Tuw Bugo {Int+3} (You acquired it on level 1 of the Realm of Zot)
 72372 | Zot:1    | Reached XP level 27. HP: 190/190 MP: 33/43
 73257 | Zot:2    | Reached skill level 10 in Ice Magic
 74300 | Zot:3    | HP: 4/190 [death cob (33)]
 74300 | Zot:3    | Slain by a death cob
